 Dungeon Crawl Stone Soup version 0.25-a0-614-g73ad250637 (webtiles) character file.

Game seed: 10641961544208464585, levelgen mode: deterministic

159 Amnesiac the Bolt Thrower (level 5, -1/25 HPs)
             Began as a Spriggan Hunter on Mar 17, 2020.
             Slain by Pikel
             ... wielding a +1 whip of flaming
              (2 damage)
             ... on level 4 of the Dungeon.
             The game lasted 00:03:57 (1198 turns).

Amnesiac the Bolt Thrower (Spriggan Hunter)         Turns: 1198, Time: 00:03:57

Health: -1/25      AC:  2    Str:  9    XL:     5   Next: 17%
Magic:  6/6        EV: 18    Int: 13    God:
Gold:   75         SH:  0    Dex: 16    Spells: 4/4 levels left

rFire    . . .     SeeInvis +   b - +0 short sword
rCold    . . .     Gourm    .   (shield restricted)
rNeg     . . .     Faith    .   c - +0 robe
rPois    .         Spirit   .   (helmet restricted)
rElec    .         Reflect  .   (no cloak)
rCorr    .         Harm     .   (gloves unavailable)
MR       .....                  (boots unavailable)
Stlth    ++........             (no amulet)
HPRegen  0.08/turn              (no ring)
MPRegen  0.10/turn              (no ring)

@: brilliant, very quick
A: very small, unfitting armour, see invisible, herbivore, speed 3, slow
metabolism 2
a: no special abilities


You were on level 4 of the Dungeon.
You were not hungry.

You visited 1 branch of the dungeon, and saw 5 of its levels.

You collected 75 gold pieces.

Inventory:

Hand Weapons
 a - a +1 hand crossbow
 b - a +0 short sword (weapon)
Missiles
 e - 66 stones (quivered)
 i - 22 sling bullets
Armour
 c - a +0 robe (worn)
Scrolls
 h - a scroll of fear {!r, unknown}
 j - 2 scrolls of identify {!r, unknown}
 l - a scroll of blinking {!r, unknown}
 m - a scroll of fog {!r, unknown}
Comestibles
 f - 3 rations


   Skills:
 - Level 1.5 Fighting
 + Level 6.5 Crossbows
 - Level 3.0 Dodging
 - Level 1.5 Stealth


You had 4 spell levels left.
You didn't know any spells.
Your spell library was empty.

Dungeon Overview and Level Annotations

Branches:
Dungeon (5/15)
 Temple: D:4-7

Altars:

Annotations:
D:4 Pikel


Innate Abilities, Weirdness & Mutations

You are very small and have problems with some larger weapons.
You are too small for most types of armour.
You have supernaturally acute eyesight. (SInv)
You are a herbivore.
You cover ground extremely quickly.
You need to consume almost no food.


Message History

Aim: Pikel, wielding a +1 whip of flaming and wearing a +0 robe (heavily wounded)
You throw a stone. The stone barely misses Pikel.
Throwing (i - inventory)
e - 73 stones (quivered)
Press: ? - help, Shift-Dir - straight line, f/p - Pikel
Aim: Pikel, wielding a +1 whip of flaming and wearing a +0 robe (heavily wounded)
You throw a stone. The stone closely misses Pikel.
Throwing (i - inventory)
e - 72 stones (quivered)
Press: ? - help, Shift-Dir - straight line, f/p - Pikel
Aim: Pikel, wielding a +1 whip of flaming and wearing a +0 robe (heavily wounded)
You throw a stone. The stone completely misses Pikel.
Throwing (i - inventory)
e - 71 stones (quivered)
Press: ? - help, Shift-Dir - straight line, f/p - Pikel
Aim: Pikel, wielding a +1 whip of flaming and wearing a +0 robe (heavily wounded)
You throw a stone. The stone closely misses Pikel.
Pikel hits you but does no damage.
Throwing (i - inventory)
e - 70 stones (quivered)
Press: ? - help, Shift-Dir - straight line, f/p - Pikel
Aim: Pikel, wielding a +1 whip of flaming and wearing a +0 robe (heavily wounded)
You throw a stone. The stone closely misses Pikel.
Throwing (i - inventory)
e - 69 stones (quivered)
Press: ? - help, Shift-Dir - straight line, f/p - Pikel
Aim: Pikel, wielding a +1 whip of flaming and wearing a +0 robe (heavily wounded)
You throw a stone.
The stone hits Pikel but does no damage.
Pikel is heavily wounded.
Throwing (i - inventory)
e - 68 stones (quivered)
Press: ? - help, Shift-Dir - straight line, f/p - Pikel
Aim: Pikel, wielding a +1 whip of flaming and wearing a +0 robe (heavily wounded)
You throw a stone. The stone closely misses Pikel.
Throwing (i - inventory)
e - 67 stones (quivered)
Press: ? - help, Shift-Dir - straight line, f/p - Pikel
Aim: Pikel, wielding a +1 whip of flaming and wearing a +0 robe (heavily wounded)
You throw a stone. The stone misses Pikel.
Pikel hits you with a +1 whip of flaming!
Pikel burns you.
b - a +0 short sword (weapon)
You barely miss Pikel.
Pikel is heavily wounded.
Pikel closely misses you.
Okay, then.
Really quaff
g - a white potion {!q}?
It was a potion of cancellation {!q}.
You feel magically purged.
Really quaff
k - a glowing blue potion {!q}?
It was a potion of magic {!q}.
Magic courses through your body.
Really quaff
n - a fizzy orange potion {!q}?
It was a potion of brilliance {!q}.
You feel clever all of a sudden.
You hit Pikel but do no damage.
Pikel is heavily wounded.
Pikel hits you with a +1 whip of flaming.
Pikel burns you.
You barely miss Pikel.
Pikel is heavily wounded.
Pikel closely misses you.
You closely miss Pikel.
Pikel is heavily wounded.
Pikel hits you with a +1 whip of flaming!
* * * LOW HITPOINT WARNING * * *
Pikel burns you.
* * * LOW HITPOINT WARNING * * *
You hit Pikel but do no damage.
Pikel is heavily wounded.
Pikel hits you with a +1 whip of flaming.
You die...

(...((...........#
################.#
#### #.# ...# #.#
...# #.# ...# #.#
...# #.# ...# #K#
########### #@#
#.....# #.#
#.....# #.# ###
#.....# #.# ..#
#.....######.#
#K###..........#.#
................>#
#.#######......###
#(# #......#


You could see Pikel.

Vanquished Creatures
  A slave (D:4)
  An ogre (D:4)
  A scorpion (D:4)
  A gnoll (D:2)
  A worm (D:4)
  A leopard gecko (D:4)
  An orc (D:4)
  A giant cockroach (D:4)
  A goblin (D:2)
  7 jackals (D:4)
  A quokka (D:4)
  2 kobolds
  2 rats
21 creatures vanquished.

Notes
Turn   | Place    | Note
-------+----------+-------------------------------------------
     0 | D:1      | Amnesiac the Spriggan Hunter began the quest for the Orb.
     0 | D:1      | Reached XP level 1. HP: 10/10 MP: 2/2
   206 | D:2      | Reached XP level 2. HP: 14/14 MP: 3/3
   475 | D:4      | Noticed a scorpion
   495 | D:4      | Killed a scorpion
   495 | D:4      | Reached skill level 5 in Crossbows
   495 | D:4      | Reached XP level 3. HP: 18/18 MP: 4/4
   649 | D:5      | Entered Level 5 of the Dungeon
   666 | D:4      | Noticed an ogre
   679 | D:4      | Killed an ogre
   679 | D:4      | Reached skill level 6 in Crossbows
   679 | D:4      | Reached XP level 4. HP: 20/22 MP: 5/5
   679 | D:4      | Reached XP level 5. HP: 23/25 MP: 6/6
   867 | D:4      | Noticed a slave
   908 | D:4      | Killed a slave
  1062 | D:4      | Noticed a slave
  1102 | D:4      | Noticed Pikel
  1197 | D:4      | HP: 1/25 [Pikel/+1 whip of flaming (3)]
  1198 | D:4      | Slain by Pikel

Levels and vault maps discovered:
D:1:      dpeg_arrival_court, layout_basic
D:2:      minmay_general_purpose_star, layout_rooms, first_ration, fountainhead
D:3:      layout_basic, serial_aquarium, aquarium_bridge_square
          [aquarium_subvault_bridge, aquarium_subvault_window,
          aquarium_subvault_window, aquarium_subvault_window],
          aquarium_window_fake, aquarium_window_fake, aquarium_window_corner,
          aquarium_window_fake, aquarium_view_4, aquarium_balcony_5b,
          corexii_hall_statues_x, minmay_misc_feat_rugged
D:4:      layout_basic, serial_shops, shop, uniq_pikel
D:5:      layout_loops_ring, minmay_temple_entry_junction_2,
          nicolae_ru_awakened_eye, uniq_sigmund, uniq_grinder, uniq_ijyb

Skill      XL: |  1  2  3 |
---------------+----------+-----
Crossbows      | 5 6 |  6.5
Fighting       | |  1.5
Dodging        | |  3.0
Stealth        | |  1.5

Action                   |  1- 3 |  4- 6 || total
-------------------------+-------+-------++-------
Melee: Short sword       |    33 |    47 ||    80
 Fire: Hand crossbow     |    15 |    20 ||    35
Throw: Stone             |       |    12 ||    12
  Use: Potion            |       |     3 ||     3
 Stab: Sleeping          |       |     1 ||     1
Armor: Robe              |     3 |     3 ||     6
Dodge: Dodged            |    33 |    37 ||    70

Table legend:
 A = Non-vault XP
 B = Vault XP
 C = Vault XP percentage of total XP
 D = Non-vault monster count
 E = Vault monster count
 F = Vault count percentage of total count
                 A         B        C        D         E       F
            +---------+---------+-------+---------+---------+-------
      Total |     228 |       0 |   0.0 |      20 |       0 |   0.0
            +---------+---------+-------+---------+---------+-------
        D:1 |       1 |       0 |   0.0 |       1 |       0 |   0.0
        D:2 |      18 |       0 |   0.0 |       4 |       0 |   0.0
        D:3 |       2 |       0 |   0.0 |       1 |       0 |   0.0
        D:4 |     207 |       0 |   0.0 |      14 |       0 |   0.0
            +---------+---------+-------+---------+---------+-------
